 Dungeon Crawl Stone Soup version 0.28-a0-589-g333b8329f1 (webtiles) character file.

Game seed: 1482465242494180772

12717 iamoutofideas the Severer (level 11, -19/104 HPs)
             Began as a Hill Orc Gladiator on Oct 4, 2021.
             Was an Elder of Makhleb.
             Demolished by a two-headed ogre (21 damage)
             ... on level 12 of the Dungeon.
             The game lasted 00:12:38 (11277 turns).

iamoutofideas the Severer (Hill Orc Gladiator)     Turns: 11277, Time: 00:12:39

Health: -19/104    AC: 15    Str: 25    XL:     11   Next: 97%
Magic:  11/11      EV: 12    Int:  8    God:    Makhleb [****..]
Gold:   191        SH:  0    Dex: 15    Spells: 10/10 levels left

rFire   + + .      SeeInvis .   M - +0 war axe (vorpal)
rCold   . . .      Faith    .   (no shield)
rNeg    . . .      Spirit   .   i - +0 ring mail
rPois   .          Reflect  .   c - +1 helmet
rElec   +          Harm     .   (no cloak)
rCorr   .          Rampage  .   A - +1 pair of gloves {Dex+3}
Will    ++...                   p - +1 pair of boots
Stlth   ++........              z - amulet of Relativism {Will+ Regen+}
HPRegen 1.27/turn               o - ring "Ticsub" {rElec AC+4 Str+4 Stlth+}
MPRegen 0.12/turn               q - ring "Zacunuva" {rElec rF++ Will+}

@: no status effects
A: talons 1, sense surroundings 1
a: Renounce Religion, Minor Destruction, Lesser Servant of Makhleb, Major
Destruction


You were on level 12 of the Dungeon.
You worshipped Makhleb.
Makhleb was greatly pleased with you.
You visited 2 branches of the dungeon, and saw 13 of its levels.

You collected 723 gold pieces.
You spent 532 gold pieces at shops.

Inventory:

Hand Weapons
 a - a +1 war axe
 M - a +0 vorpal war axe (weapon)
Missiles
 d - 6 throwing nets (quivered)
 y - 70 poisoned darts
Armour
 b - a +0 leather armour
 c - a +1 helmet (worn)
 i - a +0 ring mail (worn)
 p - a +1 pair of boots (worn)
 A - a +1 pair of gloves of dexterity (worn)
 F - a +0 chain mail
 H - +0 steam dragon scales
Jewellery
 n - a ring of fire
 o - the ring "Ticsub" (left hand) {rElec AC+4 Str+4 Stlth+}
   (You acquired it on level 3 of the Dungeon)

   [ring of protection]

   AC:        It affects your AC (+4).
   Str:       It affects your strength (+4).
   rElec:     It insulates you from electricity.
   Stlth:     It makes you more stealthy.
 q - the ring "Zacunuva" (right hand) {rElec rF++ Will+}
   (You acquired it on level 5 of the Dungeon)

   [ring of willpower]

   rF:        It greatly protects you from fire.
   rElec:     It insulates you from electricity.
   Will:      It increases your willpower.
 z - the amulet of Relativism (around neck) {Will+ Regen+}
   (You found it on level 6 of the Dungeon)

   [amulet of regeneration]

   Regen:     It increases your rate of health regeneration.
   Will:      It increases your willpower.
 O - a +4 ring of slaying
Wands
 r - a wand of iceblast (13)
 E - a wand of polymorph (7)
 N - a wand of acid (13)
Scrolls
 v - 3 scrolls of enchant armour
 x - a scroll of blinking
 C - a scroll of identify
 G - 2 scrolls of fear
 I - 2 scrolls of fog
 J - a scroll of magic mapping
 L - 2 scrolls of enchant weapon
 P - a scroll of teleportation
 Q - 2 scrolls of holy word
Potions
 e - 2 potions of mutation
 f - a potion of lignification {unknown}
 g - 2 potions of curing
 h - 3 potions of brilliance {unknown}
 j - 2 potions of haste
 k - a potion of heal wounds
 l - 2 potions of attraction
 m - a potion of resistance {unknown}
 s - a potion of invisibility {unknown}
 t - 3 potions of cancellation
 u - a potion of degeneration {unknown}
 w - a potion of magic {unknown}
 B - 2 potions of berserk rage
 D - 2 potions of might
 K - a potion of ambrosia {unknown}
 R - a potion of flight


   Skills:
 + Level 11.7 Fighting
 + Level 20.0 Axes
 - Level 1.8 Throwing
 + Level 2.7 Armour
 + Level 3.1 Dodging
 - Level 0.2 Stealth


You had 10 spell levels left.
You didn't know any spells.
Your spell library contained the following spells:

 Spells                   Type           Power      Damage    Failure   Level
 Animate Skeleton         Necr           0%         N/A       54%         1
 Beastly Appendage        Tmut           0%         N/A       54%         1
 Pain                     Necr           0%         1d4       54%         1
 Summon Small Mammal      Summ           0%         N/A       54%         1
 Blink                    Tloc           N/A        N/A       69%         2
 Ensorcelled Hibernation  Hex/Ice        0%         N/A       69%         2
 Slow                     Hex            0%         N/A       69%         2
 Wereblood                Tmut           0%         N/A       69%         2
 Call Canine Familiar     Summ           0%         N/A       89%         3
 Confusing Touch          Hex            0%         N/A       89%         3
 Dazzling Flash           Conj/Hex       0%         N/A       89%         3
 Frozen Ramparts          Ice            0%         1d2       89%         3
 Lesser Beckoning         Tloc           0%         N/A       89%         3
 Ozocubu's Armour         Ice            0%         N/A       89%         3
 Spider Form              Tmut/Pois      0%         N/A       89%         3
 Stone Arrow              Conj/Erth      0%         3d7       89%         3
 Summon Guardian Golem    Hex/Summ       0%         N/A       89%         3
 Vampiric Draining        Necr           0%         2d6       89%         3
 Animate Armour           Summ/Erth      0%         N/A       100%        4
 Animate Dead             Necr           0%         N/A       100%        4
 Fulminant Prism          Conj/Hex       0%         3d6       100%        4
 Ice Form                 Ice/Tmut       0%         N/A       100%        4
 Iskenderun's Mystic Bla  Conj/Tloc      0%         2d3       100%        4
 Summon Ice Beast         Ice/Summ       0%         N/A       100%        4
 Summon Lightning Spire   Summ/Air       0%         N/A       100%        4
 Lee's Rapid Deconstruct  Erth           0%         3d5*      100%        5
 Manifold Assault         Tloc           0%         N/A       100%        5
 Metabolic Englaciation   Hex/Ice        0%         N/A       100%        5
 Simulacrum               Ice/Necr       0%         N/A       100%        6
 Haunt                    Necr/Summ      0%         N/A       100%        7
 Infestation              Necr           0%         N/A       100%        8
 Lehudib's Crystal Spear  Conj/Erth      0%         10d2      100%        8


Dungeon Overview and Level Annotations

Branches:
Dungeon (12/15)            Temple (1/1) D:4            Lair (0/6) D:9
    Orc (0/2) D:12

Altars:
Ashenzari
Cheibriados
Dithmenos
Elyvilon
Fedhas
Gozag
Hepliaklqana
Kikubaaqudgha
Makhleb
Nemelex Xobeh
Okawaru
Qazlal
Ru
Sif Muna
Trog
Uskayaw
Vehumet
Wu Jian
Xom
Yredelemnul
Zin
The Shining One

Shops:
D:1 (   D:3 *   D:10 ?

Annotations:
D:5 exclusion: downstairs


Innate Abilities, Weirdness & Mutations

You have sharp toenails.
You passively map a small area around you.


Message History

You slash the two-headed ogre!
The two-headed ogre is lightly wounded.
The two-headed ogre hits you with a +0 giant club!!
The two-headed ogre barely misses you.
You slash the two-headed ogre!
The two-headed ogre is moderately wounded.
You barely miss the two-headed ogre.
The two-headed ogre is moderately wounded.
The two-headed ogre closely misses you. The two-headed ogre barely misses you.
You slice the two-headed ogre!!
The two-headed ogre is severely wounded.
You hit the two-headed ogre but do no damage.
The two-headed ogre is severely wounded.
The two-headed ogre hits you with a +0 giant club.
The two-headed ogre hits you with a +0 giant club!!
The two-headed ogre hits you with a +0 giant club!
The two-headed ogre hits you but does no damage.
You are too injured to fight recklessly!
You are too injured to fight recklessly!
You hit the two-headed ogre.
The two-headed ogre is severely wounded.
You hit the two-headed ogre but do no damage.
The two-headed ogre is severely wounded.
The two-headed ogre closely misses you.
The two-headed ogre hits you with a +0 giant club!
* * * LOW HITPOINT WARNING * * *
Press: ? - help, v - describe, . - travel
Here: a two-headed ogre, wielding two +0 giant clubs (severely wounded)
The floor, spattered with blood.
Unknown command.
Press: ? - help, v - describe, . - travel
Here: a two-headed ogre, wielding two +0 giant clubs (severely wounded)
The floor, spattered with blood.
Unknown command.
You hit the two-headed ogre.
The two-headed ogre is almost dead.
The two-headed ogre hits you with a +0 giant club!!
* * * LOW HITPOINT WARNING * * *
The two-headed ogre hits you with a +0 giant club!!
You die...

##....,,,*,,,,.........#...+≈≈≈≈,
*....,,,*,,,,,......).'...#,,,,,
*,...,,,*,,,***###....#...#*****
*,,,,,,,*,,,*,,,,+....#.......,,
*,,,,,,,#,,,*,,,,+.)..#........,
*,,,,,,,#..,*,,,,#....#........,
**,,,,,,,#...######....#........,
,,,,,,,,,#......O.....##........,
*******,,*+###..@.....#.........,
*,,,,,,#........#,,,,,,,,,,
*,,,,,,#...$....#,,,,,,,,,,
*,,,,,,#........#,,,,,,,,,,
*,,,,,,###......#,,,,,,,,,,
*******,,,,,,,,#......#,,,,******
,,,,,,,,,,,,,,,#>.....#,,,,*
,,,,,,,,,,,,,,,########,,,,*
,,,,,,,,,,,,,,,,,,,,,,,,,,,*


You could see a two-headed ogre.

Vanquished Creatures
  A boulder beetle (D:12)
  3 skeletal warriors
  Pikel (D:8)
  2 cyclopes (D:11)
  A manticore (D:11)
  Maggie (D:10)
  Psyche (D:10)
  3 trolls
  Prince Ribbit (D:9)
  14 yaks
  2 wyverns
  8 vampire mosquitoes
  A steam dragon (D:7)
  3 water moccasins
  A sky beast (D:8)
  A black bear (D:6)
  2 orc warriors
  2 ogres
  5 centaurs
  A kobold brigand (D:11)
  A gnoll sergeant (D:11)
  A wyvern zombie (D:9)
  2 bullfrogs
  3 scorpions
  22 killer bees
  7 wights
  A howler monkey (D:10)
  A bullfrog zombie (D:5)
  2 centaur zombies
  4 jellies
  2 hounds
  4 orc priests
  A centaur skeleton (D:4)
  A bullfrog skeleton (D:5)
  Natasha (thrice) (D:3)
  An iguana (D:6)
  11 orc wizards
  A hound skeleton (D:4)
  2 howler monkey zombies
  5 gnolls
  11 adders
  A shadow imp (D:7)
  3 white imps
  A worm (D:2)
  A dart slug (D:4)
  25 orcs
  7 ball pythons
  5 endoplasms
  A giant cockroach (D:1)
  5 goblins
  5 hobgoblins
  5 jackals (D:2)
  2 quokkas
  2 bats (D:1)
  A frilled lizard (D:2)
  10 kobolds
  6 rats
220 creatures vanquished.

Vanquished Creatures (others)
  3 fungi (D:9)
  3 plants (D:9)
6 creatures vanquished.

Grand Total: 226 creatures vanquished

Notes
Turn   | Place    | Note
-------+----------+-------------------------------------------
     0 | D:1      | iamoutofideas the Hill Orc Gladiator began the quest for
                  | the Orb.
     0 | D:1      | Reached XP level 1. HP: 18/18 MP: 1/1
   208 | D:1      | Reached XP level 2. HP: 21/25 MP: 2/2
   272 | D:1      | Found Tecku's Weapon Shop.
   796 | D:2      | Reached XP level 3. HP: 18/30 MP: 3/3
  1272 | D:2      | Reached skill level 5 in Axes
  1272 | D:2      | Reached XP level 4. HP: 28/38 MP: 4/4
  1706 | D:2      | Reached skill level 1 in Armour
  2085 | D:3      | Noticed Natasha
  2093 | D:3      | Killed Natasha
  2094 | D:3      | Reached XP level 5. HP: 13/45 MP: 5/5
  2301 | D:3      | Noticed Natasha
  2314 | D:3      | Killed Natasha
  2424 | D:3      | Noticed Natasha
  2442 | D:3      | Killed Natasha
  2736 | D:3      | Found Megyettae's Assorted Antiques.
  2744 | D:3      | Bought a pair of embroidered boots for 142 gold pieces
  2749 | D:3      | Identified a scroll of acquirement
  2749 | D:3      | Acquired the ring "Ticsub" {rElec AC+4 Str+4 Stlth+}
  2826 | D:3      | Reached skill level 6 in Axes
  3008 | D:3      | Found a stormy altar of Qazlal.
  3010 | D:3      | Found a shimmering altar of Xom.
  3021 | D:3      | Noticed an ogre
  3028 | D:3      | Killed an ogre
  3029 | D:3      | Reached XP level 6. HP: 25/52 MP: 6/6
  3232 | D:3      | Found a hazy altar of Hepliaklqana.
  3367 | D:4      | Reached skill level 7 in Axes
  3394 | D:4      | Got the Handbook of Supportive Enchantment
  3426 | D:4      | Found a staircase to the Ecumenical Temple.
  3443 | Temple   | Entered the Ecumenical Temple
  3591 | Temple   | Became a worshipper of Makhleb the Destroyer
  3808 | D:5      | Entered Level 5 of the Dungeon
  3849 | D:5      | Reached skill level 8 in Axes
  3849 | D:5      | Reached XP level 7. HP: 53/59 MP: 7/7
  4583 | D:5      | Reached * piety under Makhleb
  4601 | D:5      | Reached skill level 9 in Axes
  5586 | D:6      | Reached skill level 10 in Axes
  5630 | D:6      | Reached XP level 8. HP: 64/67 MP: 8/8
  5683 | D:6      | Identified the amulet of Relativism {Will+ Regen+}
  5701 | D:6      | Noticed a yak
  5702 | D:6      | Noticed a yak
  5703 | D:6      | Noticed a yak
  5705 | D:6      | Noticed a yak
  5706 | D:6      | Noticed a yak
  5708 | D:6      | Noticed a yak
  5749 | D:5      | Killed a yak
  5750 | D:5      | Reached skill level 5 in Fighting
  5769 | D:5      | Acquired a +1 pair of gloves of dexterity
  5771 | D:5      | Acquired the ring "Zacunuva" {rElec rF++ Will+}
  5780 | D:5      | Gained mutation: Your body sometimes deteriorates upon
                  | taking damage. [potion of mutation]
  5780 | D:5      | Gained mutation: You are strong-willed. (Will+) [potion of
                  | mutation]
  5781 | D:5      | Lost mutation: Your body sometimes deteriorates upon taking
                  | damage. [potion of mutation]
  5781 | D:5      | Lost mutation: You are strong-willed. (Will+) [potion of
                  | mutation]
  5781 | D:5      | Gained mutation: You have sharp toenails. [potion of
                  | mutation]
  5781 | D:5      | Gained mutation: You passively map a small area around you.
                  | [potion of mutation]
  5797 | D:5      | Killed a yak
  5798 | D:5      | Reached skill level 11 in Axes
  5912 | D:6      | Reached skill level 12 in Axes
  6002 | D:6      | Found a blossoming altar of Fedhas.
  6159 | D:6      | Killed a yak
  6160 | D:6      | Reached skill level 13 in Axes
  6160 | D:6      | Reached XP level 9. HP: 62/75 MP: 9/9
  6509 | D:7      | Reached skill level 14 in Axes
  6660 | D:7      | Reached ** piety under Makhleb
  6736 | D:7      | Reached skill level 15 in Axes
  7350 | D:8      | Reached XP level 10. HP: 68/86 MP: 10/10
  7362 | D:8      | Reached skill level 16 in Axes
  7554 | D:8      | Noticed Pikel
  7566 | D:8      | Killed Pikel
  8105 | D:9      | Reached skill level 17 in Axes
  8337 | D:9      | Reached *** piety under Makhleb
  8520 | D:9      | Noticed Prince Ribbit
  8526 | D:9      | Killed Prince Ribbit
  8604 | D:9      | Found a staircase to the Lair.
  8894 | D:9      | Reached skill level 18 in Axes
  9328 | D:10     | Entered Level 10 of the Dungeon
  9337 | D:10     | Noticed Psyche
  9343 | D:10     | Killed Psyche
  9365 | D:10     | Reached XP level 11. HP: 97/97 MP: 11/11
  9652 | D:10     | Found Rooh Cyc's Magic Scroll Boutique.
  9657 | D:10     | Bought a scroll of fog for 24 gold pieces
  9657 | D:10     | Bought a scroll of teleportation for 36 gold pieces
  9657 | D:10     | Bought a scroll of teleportation for 36 gold pieces
  9657 | D:10     | Bought a scroll of holy word for 90 gold pieces
  9657 | D:10     | Bought a scroll of holy word for 90 gold pieces
  9657 | D:10     | Bought a scroll of identify for 24 gold pieces
  9657 | D:10     | Bought a scroll of enchant weapon for 90 gold pieces
  9690 | D:10     | Reached skill level 10 in Fighting
  9908 | D:10     | Noticed Maggie
  9916 | D:10     | Killed Maggie
  9917 | D:10     | Reached skill level 19 in Axes
  9941 | D:11     | Noticed a manticore
  9950 | D:11     | Killed a manticore
 10013 | D:11     | Reached **** piety under Makhleb
 10024 | D:11     | Noticed a cyclops
 10035 | D:11     | Killed a cyclops
 10139 | D:11     | Noticed a skeletal warrior
 10139 | D:11     | Noticed a skeletal warrior
 10139 | D:11     | Noticed a skeletal warrior
 10170 | D:10     | Killed a skeletal warrior
 10228 | D:10     | Killed a skeletal warrior
 10254 | D:11     | HP: 4/102 [skeletal warrior[a skeletal warrior] (14)]
 10467 | D:11     | Noticed a cyclops
 10476 | D:11     | Killed a cyclops
 10702 | D:11     | Killed a skeletal warrior
 11124 | D:12     | Found a staircase to the Orcish Mines.
 11133 | D:12     | Noticed a boulder beetle
 11144 | D:12     | Killed a boulder beetle
 11145 | D:12     | Reached skill level 20 in Axes
 11262 | D:12     | Noticed a two-headed ogre
 11277 | D:12     | HP: 2/104 [two-headed ogre (24)]
 11277 | D:12     | Demolished by a two-headed ogre

Illustrated notes

Levels and vault maps discovered:
D:1:      minmay_arrival_stair_chambers, layout_loops_ring, serial_shops, shop
D:2:      layout_basic
D:3:      layout_basic, grunt_temple_overflow_open, serial_shops,
          nicolae_shop_crystal, uniq_natasha
D:4:      layout_basic, minmay_temple_entry_glass
D:5:      layout_cave_pools, minmay_a_box_with_orc_wizards_in_it
D:6:      layout_cave_pools, nicolae_overflow_crystal_walls
D:7:      layout_basic, hex_intersection, kennysheep_nub,
          nicolae_underground_beach
D:8:      layout_basic, uniq_pikel
D:9:      layout_basic, dpeg_oklobed_lair, uniq_prince_ribbit1
D:10:     layout_basic, serial_shops, shop, uniq_maggie, uniq_psyche
D:11:     layout_irregular_city
D:12:     layout_irregular_city, orc_0_dummy, lightli_minifort
Temple:   regret_index_temple_mists

Skill      XL: |  1  2  3  4  5  6  7  8  9 10 11 |
---------------+----------------------------------+-----
Fighting       | 3 4 5 7 9 11 | 11.7
Axes           | 5 6 8 10 13 15 18 20 | 20.0
Armour         | 1 2 |  2.7
Dodging        | 3 |  3.1
Throwing       | |  1.8
Stealth        | |  0.2

Action                   |  1- 3 |  4- 6 |  7- 9 | 10-12 || total
-------------------------+-------+-------+-------+-------++-------
Melee: War axe           |    64 |   122 |   308 |   454 ||   948
  Use: Scroll            |       |     1 |    11 |    11 ||    23
       Potion            |       |       |     2 |     6 ||     8
 Stab: Sleeping          |     1 |     4 |     4 |     5 ||    14
Armor: Leather armour    |    21 |       |       |       ||    21
       Ring mail         |       |    39 |   168 |   160 ||   367
Dodge: Dodged            |    54 |    80 |   149 |   224 ||   507

Table legend: (Time is in decaauts)
 A = Elapsed time spent in this place.
 B = Non-inter-level travel time spent in this place.
 C = Inter-level travel time spent in this place.
 D = Time resting spent in this place.
 E = Time spent auto-exploring this place.
 F = Levels seen in this place.
 G = Mean time per level.
                   A        B        C        D        E       F      G
               +--------+--------+--------+--------+--------+-----+--------+
         Total |  11218 |  10748 |    470 |   1614 |   7328 |  13 |  862.9 |
       Dungeon |  11002 |  10559 |    443 |   1614 |   7159 |  12 |  916.8 |
        Temple |    216 |    189 |     27 |      0 |    169 |   1 |  216.0 |
               +--------+--------+--------+--------+--------+-----+--------+

Top non-repeatable levels by time:
     D:3: 1376 daAuts
     D:9: 1234 daAuts
     D:2: 1226 daAuts
     D:5: 1212 daAuts
     D:7: 1023 daAuts
    D:11: 1003 daAuts
     D:4: 916 daAuts
     D:1: 796 daAuts
     D:8: 735 daAuts
    D:10: 642 daAuts
     D:6: 603 daAuts
    D:12: 231 daAuts
  Temple: 216 daAuts
